 Seeded DCSS version 0.28.0-45-g0d030f2227 (webtiles) character file.

Game seed: 12438630275245706108 (custom seed)

1611 zeratav the Destroyer (level 8, -22/46 HPs)
             Began as an Octopode Conjurer on Apr 19, 2022.
             Was an Initiate of Gozag.
             Killed from afar by a steam dragon (25 damage)
             ... with a ball of steam
             ... on level 7 of the Dungeon.
             The game lasted 00:15:27 (5947 turns).

zeratav the Destroyer (Octopode Conjurer)           Turns: 5947, Time: 00:15:27

Health: -22/46     AC:  1    Str:  6    XL:     8   Next: 95%
Magic:  21/24      EV: 28    Int: 23    God:    Gozag
Gold:   150        SH:  0    Dex: 10    Spells: 10/17 levels left

rFire   . . .      SeeInvis .   h - +2 hand axe (vorpal) {axe}
rCold   . . .      Faith    .   (no shield)
rNeg    . . .      Spirit   .   (helmet restricted)
rPois   .          Reflect  .   u - amulet of the acrobat
rElec   .          Harm     .   a - ring of magical power
rCorr   .          Rampage  .   c - +4 ring of slaying
Will    .....                   (no ring)
Stlth   +++.......              (no ring)
HPRegen 0.15/turn               (no ring)
MPRegen 0.19/turn               (no ring)
                                (no ring)
                                (no ring)

@: acrobatic
A: almost no armour, amphibious, 8 rings, camouflage 1, gelatinous body 1,
(nimble swimmer 1), tentacles
a: Renounce Religion, Potion Petition, Call Merchant, Bribe Branch


You were on level 7 of the Dungeon.
You worshipped Gozag.
Gozag was aware of your devotion.
You visited 2 branches of the dungeon, and saw 8 of its levels.

You collected 274 gold pieces.
You paid 124 gold pieces to Gozag.


Innate Abilities, Weirdness & Mutations

You cannot wear most types of armour.
You are amphibious.
You can wear up to eight rings at the same time.
Your skin changes colour to match your surroundings (Stealth+).
Your rubbery body absorbs attacks. (AC +1, EV +1)
((You are camouflaged when in or above water. (Stealth+)))
You have tentacles for arms and can constrict up to eight enemies at once.


   Skills:
 - Level 2.0 Dodging
 - Level 2.6 Stealth
 - Level 5.0 Spellcasting
 * Level 9.7 Conjurations
 - Level 4.0 Translocations


You had 10 spell levels left.
You knew the following spells:

 Your Spells              Type           Power      Damage    Failure   Level
a - Magic Dart            Conj           100%       1d8       1%          1
b - Searing Ray           Conj           100%       2d8       1%          2
c - Iskenderun's Mystic   Conj/Tloc      37%        2d9       5%          4

Your spell library contained the following spells:

 Spells                   Type           Power      Damage    Failure   Level
 Foxfire                  Conj/Fire      100%       2x1d9     1%          1
 Conjure Flame            Conj/Fire      28%        6-21      3%          3
 Dazzling Flash           Conj/Hex       56%        N/A       3%          3
 Gell's Gravitas          Tloc           24%        N/A       5%          3
 Teleport Other           Tloc           24%        N/A       5%          3
 Flame Wave               Conj/Fire      28%        2d8       13%         4
 Fulminant Prism          Conj/Hex       14%        3d9       13%         4
 Hailstorm                Conj/Ice       28%        3d8       13%         4
 Inner Flame              Hex/Fire       5%         N/A       28%         3
 Ice Form                 Ice/Tmut       5%         N/A       67%         4
 Dispersal                Tloc           12%        N/A       95%         6
 Simulacrum               Ice/Necr       2%         N/A       100%        6

Inventory:

Hand Weapons
 h - a +2 vorpal hand axe (weapon) {axe}
   (You took it off Terence on level 2 of the Dungeon)
Jewellery
 a - a ring of magical power (left tentacle)
   (You found it on level 1 of the Dungeon)
 c - a +4 ring of slaying (right tentacle)
   (You found it on level 2 of the Dungeon)
 j - a ring of fire
   (You found it on level 3 of the Dungeon)
 u - an amulet of the acrobat (around mantle)
   (You found it on level 6 of the Dungeon)
Wands
 g - a wand of flame (20)
   (You took it off Natasha on level 2 of the Dungeon)
Scrolls
 b - 5 scrolls of identify {unknown}
 d - a scroll of vulnerability {unknown}
 e - a scroll of blinking {unknown}
 f - a scroll of enchant armour {unknown}
 k - a scroll of immolation {unknown}
 l - a scroll of fog {unknown}
 o - a scroll of enchant weapon {unknown}
 p - 2 scrolls of amnesia {unknown}
 t - 2 scrolls of torment {unknown}
Potions
 i - a potion of flight {unknown}
 m - a potion of curing {unknown}
 n - a potion of invisibility {unknown}
 q - 2 potions of berserk rage {unknown}
 r - a potion of haste {unknown}
 s - a potion of ambrosia {unknown}
 v - a potion of lignification {unknown}
 w - a potion of brilliance {unknown}
 x - a potion of cancellation {unknown}

Dungeon Overview and Level Annotations

Branches:
Dungeon (7/15)             Temple (1/1) D:7

Altars:
Ashenzari
Elyvilon
Fedhas
Gozag
Hepliaklqana
Nemelex Xobeh
Okawaru
Qazlal
Ru
Sif Muna
Uskayaw
Vehumet
Wu Jian
Yredelemnul
Zin
The Shining One

Shops:
D:1 =   D:2 :

Annotations:
D:4 2 transporters, pkoi's ghost, amateur DgAr

..........(....###.......
#.............##.......
#####.......####.##.......
..................'.......
###..............#.......
#.#'##.....).#.#.......
######+####.#.##.......#..#######
#.........#.#.##.§.....##.#
#.##8.....#.#.##@..§...##.#
#.##>.....#.#.##§......##..
#.##8#.####..D§D.......##...
#.##.#.# #...§§.......# ...
#<...#.# #............# ##.#'#.#
#........##### #......#
#.#+###### ##.....# #.#.#
.......# #.#.#


You could see a steam dragon (catching breath).


Message History

Aim: a sky beast (heavily wounded, 76% to hit)
The searing ray misses the sky beast. (Press . to maintain the ray.) MP[-2]
You lost 2 mp, and now have 18/24 mp.
The searing ray hits the sky beast!
MP[-1]
You lost 1 mp, and now have 17/24 mp.
Casting: Searing Ray (safe; 1% risk of failure)
Confirm with . or Enter, or press ? or * to list all spells.
You erupt in a blast of force!
The mystic blast hits the sky beast.
You kill the sky beast!
MP[-4]
You lost 4 mp, and now have 13/24 mp.
There is an open door here.
You see here a sky beast corpse.
x - a fuming emerald potion MP[+11]
Your mp is fully restored (24).
You open the door.
There is an open door here.
You open the door.
You see here a +0 hand axe {axe}.
There is an open door here.
There is an open door here.
Found a stone staircase leading up.
There is a stone staircase leading up here.
Found a staircase to the Ecumenical Temple.
(D) Dungeon (T) Temple
Where to? (Enter - D:6 @ (x,y), ? - help)
You open the door.
There is an open door here.
There is a staircase to the Ecumenical Temple here.
You climb downwards.
Welcome to the Ecumenical Temple!
Found fifteen altars.
There is a staircase back to the Dungeon here.
Search for what [? for help]? gozag
There is an opulent altar of Gozag here.
You curl up in front of the altar of Gozag.
Gozag welcomes you!
You pay a service fee of 124 gold.
(D) Dungeon (T) Temple
Where to? (Enter - Temple @ (x,y), ? - help)
There is a staircase back to the Dungeon here.
You climb upwards.
Welcome back to the Dungeon!
There is a staircase to the Ecumenical Temple here.
(D) Dungeon (T) Temple
Where to? (Enter - D:7, ? - help)
There is a stone staircase leading up here.
You climb upwards.
There is a stone staircase leading down here.
(D) Dungeon (T) Temple
Where to? (Enter - D:6, ? - help) Have to go through D:7.
Continue?
You climb downwards.
There is a stone staircase leading up here.
There is an open door here.
The steam dragon hisses angrily.
The steam dragon breathes steam at you. The ball of steam hits you!!
HP[-18]
You take 18 damage, and now have 28/46 hp.
MASSIVE DAMAGE!! (PAUSE)
Casting: Iskenderun's Mystic Blast (dangerous; 5% risk of failure)
Confirm with . or Enter, or press ? or * to list all spells.
Okay, then.
The steam dragon breathes steam at you. The ball of steam misses you.
HP[+1]
Casting: Iskenderun's Mystic Blast (dangerous; 5% risk of failure)
Confirm with . or Enter, or press ? or * to list all spells.
You erupt in a blast of force!
The mystic blast hits the steam dragon!
The steam dragon is knocked back by the mystic blast.
MP[-4]
You lost 4 mp, and now have 20/24 mp.
Casting: Iskenderun's Mystic Blast (dangerous; 5% risk of failure)
Confirm with . or Enter, or press ? or * to list all spells.
You can't see any susceptible monsters within range! (Use Z to cast anyway.)
Casting: Iskenderun's Mystic Blast (dangerous; 5% risk of failure)
Confirm with . or Enter, or press ? or * to list all spells.
You can't see any susceptible monsters within range! (Use Z to cast anyway.)
The steam dragon breathes steam at you. The ball of steam hits you!!
* * * LOW HITPOINT WARNING * * *
HP[-19] MP[+1]
You take 19 damage, and now have 10/46 hp.
MASSIVE DAMAGE!! (PAUSE)
You are engulfed in a cloud of scalding steam.
* * * LOW HITPOINT WARNING * * *
HP[-7]
You take 7 damage, and now have 3/46 hp.
Casting: Iskenderun's Mystic Blast (dangerous; 5% risk of failure)
Confirm with . or Enter, or press ? or * to list all spells.
You can't see any susceptible monsters within range! (Use Z to cast anyway.) Unknown command.
The steam dragon breathes steam at you. The ball of steam hits you!!
Ouch! That really hurt!
You die...
Your body crumbles into a pile of gold.

Skill      XL: |  1  2  3  4  5  6  7  8 |
---------------+-------------------------+-----
Conjurations   | 5 6 7 8 9 |  9.7
Spellcasting   | 3 4 5 |  5.0
Translocations | 2 4 |  4.0
Dodging        | |  2.0
Stealth        | |  2.6

Action                   |  1- 3 |  4- 6 |  7- 9 || total
-------------------------+-------+-------+-------++-------
Melee: Hand axe          |       |     3 |     1 ||     4
       Tentacles         |       |     1 |       ||     1
       Constrict         |       |     1 |       ||     1
 Cast: Magic Dart        |    43 |    98 |    46 ||   187
       Searing Ray       |     2 |     7 |    30 ||    39
       Iskenderun's Myst |       |       |     9 ||     9
Armor: Skin              |     1 |       |     5 ||     6
Dodge: Dodged            |     6 |     8 |    39 ||    53

Levels and vault maps discovered:
D:1:      minmay_arrival_split_and_join, layout_basic,
          hellmonk_ecumenical_altar_arch_garden, nicolae_shop_unique_rings
D:2:      layout_basic, serial_glass, glass_columns_b, glass_columns_c,
          serial_shops, nicolae_diamond_shop, patterned_corridor, uniq_terence,
          uniq_natasha
D:3:      layout_loops_cross, minmay_pentangle
D:4:      layout_cave_pools, lemuel_mausoleum_altar_yredelemnul,
          gammafunk_ghost_stat_death
D:5:      layout_loops_ring, minmay_splitting_lines, serial_bayou_pond_e,
          grunt_ministairs_6
D:6:      layout_loops_ring, minmay_overflow_temple_star_quad, serial_shops,
          shop, uniq_crazy_yiuf_cottage
D:7:      layout_basic, temple_statues
Temple:   nicolae_temple_no_exploring_needed

Notes
Turn   | Place    | Note
-------+----------+-------------------------------------------
     0 | D:1      | zeratav the Octopode Conjurer began the quest for the Orb.
     0 | D:1      | Reached XP level 1. HP: 11/11 MP: 3/3
     0 | D:1      | magus.rc [v1.9.6]
   375 | D:1      | Reached XP level 2. HP: 17/17 MP: 5/5
   388 | D:1      | Learned a level 2 spell: Searing Ray
   530 | D:1      | Found a faded altar of an unknown god.
   578 | D:1      | Found Fetet's One-of-a-Kind Rings.
   909 | D:2      | Reached XP level 3. HP: 21/21 MP: 6/6
   994 | D:2      | Reached skill level 5 in Conjurations
  1198 | D:2      | You pick up a book of the Tundra and begin reading...
  1198 | D:2      | You add the spells Hailstorm, Ice Form and Simulacrum to
                  | your library.
  1220 | D:2      | Noticed Terence
  1229 | D:2      | Killed Terence
  1230 | D:2      | Reached XP level 4. HP: 19/27 MP: 6/7
  1406 | D:2      | Found Mofoxyne's Book Boutique.
  1406 | D:2      | Noticed Natasha
  1413 | D:2      | Killed Natasha
  1724 | D:2      | Noticed Natasha
  1727 | D:2      | Killed Natasha
  1728 | D:2      | Reached skill level 3 in Spellcasting
  1728 | D:2      | Reached XP level 5. HP: 21/31 MP: 9/9
  1841 | D:2      | Noticed Natasha
  1844 | D:2      | Killed Natasha
  1909 | D:2      | Reached skill level 6 in Conjurations
  2396 | D:3      | Reached XP level 6. HP: 35/36 MP: 11/11
  2699 | D:3      | You add the spells Gell's Gravitas, Teleport Other and
                  | Dispersal to your library.
  3003 | D:3      | You pick up a book of Flames and begin reading...
  3003 | D:3      | You add the spells Foxfire, Conjure Flame, Inner Flame and
                  | Flame Wave to your library.
  3145 | D:4      | Found a transporter.
  3145 | D:4      | Noticed pkoi's ghost (amateur DgAr)
  3210 | D:4      | Reached skill level 7 in Conjurations
  3332 | D:4      | Reached skill level 4 in Spellcasting
  3332 | D:4      | Reached XP level 7. HP: 41/41 MP: 13/13
  3716 | D:4      | Found a transporter.
  3798 | D:4      | HP: 8/39 [wight/+1 mace (5)]
  4082 | D:4      | Reached skill level 1 in Translocations
  4314 | D:4      | Reached skill level 2 in Translocations
  4367 | D:4      | Found a basalt altar of Yredelemnul.
  4376 | D:4      | Reached skill level 8 in Conjurations
  4526 | D:4      | Reached XP level 8. HP: 38/46 MP: 15/15
  4599 | D:4      | Learned a level 4 spell: Iskenderun's Mystic Blast
  4897 | D:5      | Entered Level 5 of the Dungeon
  4993 | D:6      | Reached skill level 3 in Translocations
  5121 | D:6      | Reached skill level 5 in Spellcasting
  5501 | D:7      | Reached skill level 9 in Conjurations
  5670 | D:7      | Reached skill level 4 in Translocations
  5869 | D:7      | Found a staircase to the Ecumenical Temple.
  5880 | Temple   | Entered the Ecumenical Temple
  5887 | Temple   | Became a worshipper of Gozag Ym Sagoz the Greedy
  5944 | D:7      | HP: 10/46 [something/ball of steam (19)]
  5945 | D:7      | HP: 2/46 [something] (8)]
  5947 | D:7      | Killed from afar by a steam dragon

Vanquished Creatures
  A steam dragon (D:7)
  2 ice beasts
  4 necrophages (D:4)
  A sky beast (D:7)
  A scorpion (D:4)
  A water moccasin skeleton (D:4)
  A wight (D:4)
  2 centaur zombies (D:4)
  A human zombie (D:4)
  A jelly (D:4)
  A hound (D:5)
  An orc priest (D:3)
  2 bullfrog skeletons (D:6)
  Natasha (thrice) (D:2)
  A centaur skeleton (D:6)
  Terence (D:2)
  3 iguanas
  3 orc wizards (D:4)
  A mummy (D:4)
  A howler monkey skeleton (D:7)
  8 adders
  3 adder zombies (D:4)
  A dart slug (D:3)
  10 orcs
  8 bats
  8 endoplasms
  2 giant cockroaches
  6 goblins
  2 hobgoblins
  3 jackals (D:5)
  5 quokkas
  8 ball pythons
  2 frilled lizards (D:2)
  4 kobolds
  A quokka skeleton (D:4)
  6 rats
109 creatures vanquished.

Table legend:
 A = Non-vault XP
 B = Vault XP
 C = Vault XP percentage of total XP
 D = Non-vault monster count
 E = Vault monster count
 F = Vault count percentage of total count
                 A         B        C        D         E       F
            +---------+---------+-------+---------+---------+-------
      Total |    1409 |     893 |  38.8 |      82 |      27 |  24.8
            +---------+---------+-------+---------+---------+-------
        D:1 |      27 |       0 |   0.0 |      16 |       0 |   0.0
        D:2 |     150 |      73 |  32.7 |      22 |       2 |   8.3
        D:3 |      69 |      40 |  36.7 |      14 |       9 |  39.1
        D:4 |     428 |     732 |  63.1 |      21 |      12 |  36.4
        D:5 |       0 |      48 | 100.0 |       0 |       4 | 100.0
        D:6 |     248 |       0 |   0.0 |       4 |       0 |   0.0
        D:7 |     487 |       0 |   0.0 |       5 |       0 |   0.0
            +---------+---------+-------+---------+---------+-------

Illustrated notes

Table legend:
 A = Kills in this place as a percentage of kills in entire the game.
 B = Kills by you in this place as a percentage of kills by you in the entire game.
 C = Kills by friends in this place as a percentage of kills by friends in the entire game.
 D = Other kills in this place as a percentage of other kills in the entire game.
 E = Experience gained in this place as a percentage of experience gained in the entire game.
 F = Experience gained in this place divided by the number of levels of this place that you have seen.
                   A       B       C       D       E      F
               +-------+-------+-------+-------+-------+----------------------
         Total | 100.0 | 100.0 |   N/A |   N/A | 100.0 | 287.8
       Dungeon | 100.0 | 100.0 |   N/A |   N/A | 100.0 | 328.9
               +-------+-------+-------+-------+-------+----------------------

Table legend: (Time is in decaauts)
 A = Elapsed time spent in this place.
 B = Non-inter-level travel time spent in this place.
 C = Inter-level travel time spent in this place.
 D = Time resting spent in this place.
 E = Time spent auto-exploring this place.
 F = Levels seen in this place.
 G = Mean time per level.
                   A        B        C        D        E       F      G
               +--------+--------+--------+--------+--------+-----+--------+
         Total |   5947 |   5796 |    151 |    567 |   4515 |   8 |  743.4 |
       Dungeon |   5932 |   5795 |    137 |    567 |   4515 |   7 |  847.4 |
        Temple |     14 |      1 |     13 |      0 |      0 |   1 |   14.0 |
               +--------+--------+--------+--------+--------+-----+--------+

Top non-repeatable levels by time:
     D:4: 1750 daAuts
     D:3: 1125 daAuts
     D:2: 1120 daAuts
     D:1: 901 daAuts
     D:7: 561 daAuts
     D:6: 389 daAuts
     D:5: 84 daAuts
  Temple: 14 daAuts
